 Dungeon Crawl Stone Soup version 0.25-a0-36-g303dd5b1f4 (webtiles) character file.

Game seed: 541204215389168771, levelgen mode: deterministic

74 Flydiii the Caller (level 4, -4/31 HPs)
             Began as a Barachi Summoner on Oct 13, 2019.
             Killed by divine providence
             ... invoked by an orc priest
              (14 damage)
             ... on level 3 of the Dungeon on Oct 20, 2019.
             The game lasted 00:23:13 (3312 turns).

Flydiii the Caller (Barachi Summoner)               Turns: 3312, Time: 00:23:14

Health: -4/31      AC:  7    Str: 10    XL:     4   Next: 28%
Magic:  6/8        EV: 10    Int: 15    God:
Gold:   180        SH:  0    Dex:  8    Spells: 4/9 levels left

rFire    . . .     SeeInvis .   f - +1 dagger (venom)
rCold    . . .     Gourm    .   (no shield)
rNeg     . . .     Faith    .   j - +0 ring mail
rPois    .         Spirit   .   g - +1 helmet
rElec    .         Reflect  .   (no cloak)
rCorr    .         Harm     .   (no gloves)
MR       .....                  (no boots)
Stlth    +.........             (no amulet)
HPRegen  0.10/turn              d - -5 ring of dexterity (curse)
MPRegen  0.11/turn              (no ring)

@: slow
A: +LOS, swims, slowness 1, strong legs 1
a: Hop


You were on level 3 of the Dungeon.
You were not hungry.

You visited 1 branch of the dungeon, and saw 3 of its levels.

You collected 180 gold pieces.

Inventory:

Hand Weapons
 f - a +1 dagger of venom (weapon)
Armour
 a - a +0 robe
 g - a +1 helmet (worn)
 i - a +0 leather armour
 j - a +0 ring mail (worn)
Jewellery
 d - a cursed -5 ring of dexterity (left hand)
Scrolls
 e - a scroll of remove curse {unknown}
 h - 2 scrolls of identify
Potions
 b - a potion of agility
 k - a potion of curing {unknown}
Comestibles
 c - 3 rations


   Skills:
 * Level 0.8 Fighting
 * Level 1.1 Armour
 + Level 2.3 Dodging
 - Level 1.7 Stealth
 * Level 3.2 Spellcasting
 + Level 5.7 Summonings


You had 4 spell levels left.
You knew the following spells:

 Your Spells              Type           Power        Failure   Level  Hunger
a - Summon Small Mammal   Summ           ###.         4%          1    #......
b - Summon Lightning Spi  Summ/Air       ##......     83%         4    #####..

Your spell library contained the following spells:

 Spells                   Type           Power        Failure   Level  Hunger
 Call Imp                 Summ           ###.....     7%          2    ##.....
 Call Canine Familiar     Summ           ###.....     14%         3    ###....
 Summon Guardian Golem    Hex/Summ       ##......     41%         3    ###....
 Summon Ice Beast         Ice/Summ       ##......     83%         4    #####..


Dungeon Overview and Level Annotations

Branches:
Dungeon (3/15)

Altars:


Innate Abilities, Weirdness & Mutations

Shadows flee at your approach. (+LOS)
You can swim through water.
You cover ground slowly.
You can hop short distances.


Message History

You climb downwards.
There is a stone staircase leading up here.
You see here a +0 chain mail.
The orc priest shouts!
You see here a +0 club.
Casting: Summon Small Mammal (safe; 4% risk of failure)
Confirm with . or Enter, or press ? or * to list all spells.
Casting: Summon Small Mammal (safe; 4% risk of failure)
Confirm with . or Enter, or press ? or * to list all spells.
The orc priest calls down the wrath of Beogh upon you.
Beogh smites you!
The orc priest calls down the wrath of Beogh upon you.
Beogh smites you!
* * * LOW HITPOINT WARNING * * *
You see here a +0 chain mail.
Casting: Summon Small Mammal (safe; 4% risk of failure)
Confirm with . or Enter, or press ? or * to list all spells.
The orc priest mumbles some strange prayers to Beogh against you.
Beogh smites you!
You die...

.....#### #.@#. ........# ....
......#.#.# #... #####.#.#.# o..
..).#.#.#.# ##.. ###.#.#.#.#
#o.> #..†#.#.#.# #o##
..#.#.#.#.####################o#
#.#...#.#.#..o.r@r..........<#r#
#.#...#.#.#....r##############.#
#.#.#...).......# #.#
#.#.#.#.#.......# #.#
#.#.#.#.#.......# #.#
#.#.#.#.#.......# ###.#
#.#....o#.......# #...#
#.......#..#'#### #.###
....###.#..#.##### #r###


You could see an orc priest, 2 friendly quokkas and a friendly rat.

Vanquished Creatures
  2 adders
  A worm (D:3)
  An orc (D:3)
  3 goblins
  3 hobgoblins
  2 kobolds
  A quokka (D:3)
  A frilled lizard (D:3)
  2 rats (D:3)
16 creatures vanquished.

Vanquished Creatures (collateral kills)
  Terence (D:3)
  2 adders
  An orc (D:3)
  A bat (D:1)
  5 giant cockroaches
  A goblin (D:2)
  6 hobgoblins
  2 jackals (D:1)
  A frilled lizard (D:2)
  3 kobolds
  5 rats
28 creatures vanquished.

Grand Total: 44 creatures vanquished

Notes
Turn   | Place    | Note
-------+----------+-------------------------------------------
     0 | D:1      | Flydiii the Barachi Summoner began the quest for the Orb.
     0 | D:1      | Reached XP level 1. HP: 13/13 MP: 3/3
    54 | D:1      | Reached skill level 5 in Summonings
   419 | D:1      | Reached XP level 2. HP: 18/19 MP: 1/5
  1232 | D:2      | Upgraded the game from 0.24-b1 to 0.25-a0-36-g303dd5b1f4
  1308 | D:2      | Reached XP level 3. HP: 10/24 MP: 1/7
  1954 | D:3      | Noticed Terence
  1997 | D:3      | Killed Terence
  2012 | D:3      | Reached XP level 4. HP: 20/31 MP: 6/8
  2216 | D:2      | Learned a level 4 spell: Summon Lightning Spire
  2953 | D:3      | Reached skill level 1 in Armour
  3312 | D:3      | Killed from afar by an orc priest

Levels and vault maps discovered:
D:1:      tarquinn_simple_flora_water_b, layout_basic
D:2:      layout_loops_cross
D:3:      layout_basic, first_ration, uniq_terence, uniq_sigmund

Skill      XL: |  1  2  3  4 |
---------------+-------------+-----
Summonings     | 5 |  5.7
Spellcasting   | 3 |  3.2
Armour         | 1 |  1.1
Fighting       | |  0.8
Dodging        | |  2.3
Stealth        | |  1.7

Action                   |  1- 3 |  4- 6 || total
-------------------------+-------+-------++-------
Melee: Unarmed           |    32 |       ||    32
       Dagger            |    23 |    19 ||    42
 Cast: Summon Small Mamm |    72 |    16 ||    88
  Use: Scroll            |     6 |       ||     6
  Eat: Chunk             |     5 |     1 ||     6
       Ration            |       |     1 ||     1
Armor: Robe              |    15 |       ||    15
       Ring mail         |     9 |     1 ||    10
Dodge: Dodged            |    91 |    12 ||   103

Table legend:
 A = Non-vault XP
 B = Vault XP
 C = Vault XP percentage of total XP
 D = Non-vault monster count
 E = Vault monster count
 F = Vault count percentage of total count
                 A         B        C        D         E       F
            +---------+---------+-------+---------+---------+-------
      Total |      88 |      18 |  17.0 |      43 |       1 |   2.3
            +---------+---------+-------+---------+---------+-------
        D:1 |      23 |       0 |   0.0 |      19 |       0 |   0.0
        D:2 |      29 |       0 |   0.0 |      13 |       0 |   0.0
        D:3 |      36 |      18 |  33.3 |      11 |       1 |   8.3
            +---------+---------+-------+---------+---------+-------
